 Dungeon Crawl Stone Soup version 0.31-a0-845-g9abc20d (webtiles) character file.

Game seed: 15680834093833967667

1649256 BarneyGumball the Infernalist (level 26, 164/164 HPs)
             Began as a Deep Elf Conjurer on Sept 30, 2023.
             Was the Champion of Vehumet.
             Escaped with the Orb
             ... and 3 runes on Oct 1, 2023!
             The game lasted 05:55:59 (71480 turns).

BarneyGumball the Infernalist (Deep Elf Conjurer)  Turns: 71480, Time: 05:56:00

Health: 164/164    AC: 20    Str:  5    XL:     26   Next: 52%
Magic:  51/52      EV: 14    Int: 38    God:    Vehumet [******]
Gold:   3634       SH: 23    Dex: 16    Spells: 22/71 levels left

rFire   + + .        c - +3 Elemental Staff {ele, rElec rF+ rC+ AC+3}
rCold   + + +        y - +5 kite shield {rN+}
rNeg    + . .        X - +1 ring mail of the Mind {rElec Regen+ Str+3 Int+2}
rPois   .            P - +2 hat
rElec   +            L - scarf {rC+ rF+}
rCorr   .            f - +2 pair of gloves {Dex+3}
SInv    +            Y - +2 pair of boots
Will    +++..        I - amulet of Culonop {Reflect Slay+3 SH+5}
Stlth   +            N - ring "Mischyde" {Ice +Blink Will+ SInv}
HPRegen 1.27/turn    g - ring of protection from fire
MPRegen 0.33/turn

%: random rage (3%), reflection
@: brilliant, hasted, very quick
A: iridescent scales 1, berserk 1, deterioration 1, weak 1, inability to read
after injury 1
0: Orb of Zot
}: 3/15 runes: decaying, serpentine, silver
a: Renounce Religion, Evoke Blink


You escaped.
You worshipped Vehumet.
Vehumet was exalted by your worship.
You visited 10 branches of the dungeon, and saw 48 of its levels.
You visited 1 bazaar.
You also visited: Ossuary.

You collected 8888 gold pieces.
You spent 5254 gold pieces at shops.

Inventory:

Hand Weapons
 c - the +3 Elemental Staff (weapon) {ele, rElec rF+ rC+ AC+3}
   (You bought it in a shop in a bazaar)

   AC+3:      It affects your AC (+3).
   rF+:       It protects you from fire.
   rC+:       It protects you from cold.
   rElec:     It insulates you from electricity.
Missiles
 F - 17 javelins
Armour
 f - a +2 pair of gloves of dexterity (worn)
 y - a +5 kite shield of positive energy (worn)
 L - a scarf of resistance (worn)
 P - a +2 hat (worn)
 X - the +1 ring mail of the Mind (worn) {rElec Regen+ Str+3 Int+2}
   (You found it on level 4 of the Lair of Beasts)

   Str+3:     It affects your strength (+3).
   Int+2:     It affects your intelligence (+2).
   rElec:     It insulates you from electricity.
   Regen+:    It increases your rate of health regeneration.
 Y - a +2 pair of boots (worn)
Jewellery
 g - a ring of protection from fire (right hand)
 x - a ring of protection from cold
 A - a ring of resist corrosion
 E - a ring of positive energy
 I - the amulet of Culonop (around neck) {Reflect Slay+3 SH+5}
   (You took it off a deep elf blademaster on level 3 of the Elven Halls)

   [amulet of reflection]

   Reflect:   It reflects blocked missile attacks.
   Slay+3:    It affects your accuracy & damage with ranged weapons and melee
   (+3).
   SH+5:      It affects your SH (+5).
 J - a ring of poison resistance
 K - an amulet of magic regeneration
 N - the ring "Mischyde" (left hand) {Ice +Blink Will+ SInv}
   (You took it off Josephina on level 4 of the Depths)

   [ring of ice]

   Ice:       It enhances your ice magic.
   rF-:       It makes you vulnerable to fire.
   rC+:       It protects you from cold.
   Will+:     It increases your willpower.
   SInv:      It lets you see invisible.
   +Blink:    It lets you blink.
 Q - a ring of flight
 T - a ring of wizardry
Wands
 t - a wand of paralysis (61)
 C - a wand of quicksilver (18)
 G - a wand of mindburst (50)
 H - a wand of polymorph (21)
 U - a wand of digging (23)
 W - a wand of iceblast (38)
Scrolls
 a - 3 scrolls of butterflies
 b - 10 scrolls of amnesia
 e - 6 scrolls of fear (quivered)
 h - 18 scrolls of teleportation
 k - 8 scrolls of enchant weapon
 l - 8 scrolls of poison
 n - 5 scrolls of immolation
 p - 5 scrolls of vulnerability
 q - 2 scrolls of blinking
 z - 4 scrolls of brand weapon
 O - 7 scrolls of fog
Potions
 d - 6 potions of might
 i - a potion of invisibility
 j - 4 potions of enlightenment
 m - 2 potions of heal wounds
 o - a potion of resistance
 r - 4 potions of ambrosia
 s - a potion of brilliance
 u - 20 potions of curing
 w - 3 potions of lignification
 B - 5 potions of attraction
 D - 6 potions of mutation
 R - a potion of cancellation
 Z - 4 potions of berserk rage
Miscellaneous
 M - a sack of spiders
 V - a tin of tremorstones (2/2)


   Skills:
 + Level 16.6 Fighting
 - Level 4.0 Staves
 - Level 4.0 Armour
 - Level 18.0 Dodging
 - Level 4.0 Stealth
 - Level 14.0 Shields
 - Level 23.0 Spellcasting
 - Level 25.0 Conjurations
 - Level 7.0 Hexes
 - Level 6.0 Translocations
 - Level 4.0 Transmutations
 O Level 27 Fire Magic
 - Level 4.0 Earth Magic
 - Level 9.1 Evocations


You had 22 spell levels left.
You knew the following spells:

 Your Spells              Type           Power      Damage    Failure   Level
a - Magic Dart            Conj           100%       1d8       0%          1
b - Orb of Destruction    Conj           75%        9d17      1%          7
c - Iskenderun's Mystic   Conj/Tloc      100%       2d19      1%          4
d - Fulminant Prism       Conj/Hex       64%        3d26      1%          4
e - Blink                 Tloc           100%       N/A       1%          2
f - Fire Storm            Conj/Fire      89%        8d22      5%          9
g - Passwall              Tmut/Erth      87%        N/A       2%          2
h - Yara's Violent Unrav  Hex/Tmut       45%        3d18      6%          5
i - Irradiate             Conj/Tmut      62%        3d32      1%          5
j - Ignition              Fire           90%        3d23      1%          8
k - Searing Ray           Conj           100%       2d8       0%          2

Your spell library contained the following spells:

 Spells                   Type           Power      Damage    Failure   Level
 Lehudib's Crystal Spear  Conj/Erth      74%        10d17     32%         8
 Polar Vortex             Ice            49%        12d6*     100%        9
 Momentum Strike          Conj/Tloc      100%       3d10      0%          2
 Inner Flame              Hex/Fire       100%       N/A       0%          3
 Flame Wave               Conj/Fire      100%       2d21      0%          4
 Sticky Flame             Conj/Fire      100%       2d11      0%          4
 Fireball                 Conj/Fire      89%        3d33      0%          5
 Iskenderun's Battlesphe  Conj           100%       2d15      0%          5
 Kiss of Death            Conj/Necr      100%       2d13      1%          1
 Shock                    Conj/Air       100%       1d9       1%          1
 Slow                     Hex            100%       N/A       1%          1
 Jinxbite                 Hex            100%       N/A       1%          2
 Lesser Beckoning         Tloc           100%       N/A       1%          2
 Static Discharge         Conj/Air       100%       2-7/arc   1%          2
 Confusing Touch          Hex            98%        N/A       1%          3
 Dazzling Flash           Conj/Hex       100%       N/A       1%          3
 Gell's Gravitas          Tloc           93%        N/A       1%          3
 Hailstorm                Conj/Ice       100%       3d20      1%          3
 Ignite Poison            Fire/Tmut/Pois 100%       N/A       1%          3
 Sigil of Binding         Hex            98%        N/A       1%          3
 Teleport Other           Tloc           93%        N/A       1%          3
 Tukima's Dance           Hex            98%        N/A       1%          3
 Volatile Blastmotes      Fire/Tloc      100%       2d18      1%          3
 Brom's Barrelling Bould  Conj/Erth      100%       2d11      1%          4
 Freezing Cloud           Conj/Ice/Air   75%        6-21      1%          5
 Bombard                  Conj/Erth      74%        9d12      1%          6
 Starburst                Conj/Fire      89%        6d22      1%          6
 Ensorcelled Hibernation  Hex/Ice        100%       N/A       2%          2
 Wereblood                Tmut           84%        N/A       2%          2
 Sting                    Tmut/Pois      100%       1d8       3%          1
 Cause Fear               Hex            49%        N/A       4%          4
 Summon Guardian Golem    Hex/Summ       81%        N/A       5%          3
 Manifold Assault         Tloc           93%        N/A       6%          4
 Passage of Golubria      Tloc           93%        N/A       6%          4
 Necrotise                Necr           100%       1d9       8%          1
 Spellforged Servitor     Conj/Summ      59%        N/A       11%         7
 Cigotuvi's Dreadful Rot  Necr/Pois/Air  100%       N/A       12%         2
 Sublimation of Blood     Necr           60%        N/A       12%         2
 Airstrike                Air            39%        2d(6-22)  19%         4
 Anguish                  Hex/Necr       40%        N/A       19%         4
 Call Canine Familiar     Summ           60%        N/A       22%         3
 Ozocubu's Armour         Ice            99%        N/A       22%         3
 Swiftness                Air            78%        N/A       22%         3
 Vampiric Draining        Necr           60%        2d10      22%         3
 Metabolic Englaciation   Hex/Ice        63%        N/A       45%         5
 Silence                  Hex/Air        51%        N/A       45%         5
 Animate Dead             Necr           60%        N/A       58%         4
 Summon Ice Beast         Ice/Summ       99%        N/A       58%         4
 Alistair's Intoxication  Tmut/Pois      48%        N/A       67%         5
 Borgnjor's Vile Clutch   Necr/Erth      46%        N/A       67%         5
 Dispersal                Tloc           46%        N/A       69%         6
 Eringya's Noxious Bog    Tmut/Pois      36%        4d6       75%         6
 Agony                    Necr           60%        N/A       91%         5
 Enfeeble                 Hex            49%        N/A       98%         7
 Death Channel            Necr           30%        N/A       100%        6
 Simulacrum               Ice/Necr       49%        N/A       100%        6
 Summon Cactus Giant      Summ           30%        N/A       100%        6
 Summon Hydra             Summ           30%        N/A       100%        7
 Disjunction              Tloc           46%        N/A       100%        8
 Maxwell's Capacitive Co  Air            39%        ∞         100%        8
 Dragon's Call            Summ           30%        N/A       100%        9


Dungeon Overview and Level Annotations

Branches:
Dungeon (15/15)            Temple (1/1) D:5            Lair (5/5) D:11
  Swamp (4/4) Lair:2        Snake (4/4) Lair:3        Slime (0/5) Lair:5
    Orc (2/2) D:11            Elf (3/3) Orc:2        Vaults (5/5) D:14
  Crypt (0/3) Vaults:3     Depths (4/4) D:15            Zot (5/5) Depths:4
Ossuary (visited)

Altars:
Ashenzari
Cheibriados
Dithmenos
Elyvilon
Fedhas
Gozag
Hepliaklqana
Kikubaaqudgha
Makhleb
Nemelex Xobeh
Okawaru
Qazlal
Ru
Sif Muna
Trog
Uskayaw
Vehumet
Wu Jian
Xom
Yredelemnul
Zin
The Shining One

Shops:
D:5 ([   D:6 (   Orc:2 *?*(:   Elf:2 :   Snake:2 [*[(   Vaults:1 [*
Vaults:3 [?   Vaults:4 ?   Depths:2 [

Portals:
Hell: Depths:1 Depths:2 Depths:3 Depths:4
Abyss: Depths:3
Pandemonium: Depths:1 Depths:2 Depths:4
Ziggurat: Depths:3

Annotations:
D:3 Grinder
D:4 exclusion: jelly, Ijyb
D:5 2 transporters, ooops's ghost, novice OpCj
D:6 Prince Ribbit
D:10 2 transporters, dontdoit's ghost, journeyman FoSu
D:12 2 runed translucent doors, exclusion: door
D:13 3 runed translucent doors, exclusion: 3 doors, Fuugimn's ghost, journeyman DsSh
Elf:2 3 runed translucent doors, exclusion: 3 doors
Vaults:1 3 runed translucent doors, exclusion: 3 doors, Cevimn's ghost, adept GrFi
Vaults:3 1 runed translucent door, exclusion: door
Depths:3 exclusion: eye of devastation


Innate Abilities, Weirdness & Mutations

You are partially covered in iridescent scales. (AC +2)
You sometimes lose your temper in combat.
Your body sometimes deteriorates upon taking damage.
You are weak. (Str -2)
You occasionally lose the ability to read scrolls when taking damage.


Message History

Confirm with . or Enter, or press ? or * to list all spells.
Aiming: Orb of Destruction (mildly dangerous; 1% risk of failure)
Press: ? - help, Shift-Dir - straight line, f - sun demon
Aim: a sun demon (moderately wounded)
You feel a surge of power!
Casting: Orb of Destruction (mildly dangerous; 1% risk of failure)
Confirm with . or Enter, or press ? or * to list all spells.
Aiming: Orb of Destruction (mildly dangerous; 1% risk of failure)
Press: ? - help, Shift-Dir - straight line, f/p - sun demon
Aim: a sun demon (moderately wounded, ally target)
You feel a surge of power!
The orb of destruction hits the sun demon!!!
You blow up the sun demon!
Vehumet accepts your kill.
You feel your power returning.
The wavering orb of destruction hits your fire vortex!!!
Your fire vortex dissipates!
There is a stone staircase leading up here.
You climb upwards.
There is a stone staircase leading down here.
You feel yourself speed up.
A red devil comes into view. It is wielding a +0 trident.
Casting: Orb of Destruction (mildly dangerous; 1% risk of failure)
Confirm with . or Enter, or press ? or * to list all spells.
Aiming: Orb of Destruction (mildly dangerous; 1% risk of failure)
Press: ? - help, Shift-Dir - straight line, f - red devil
Aim: a red devil, wielding a +0 trident You feel a surge of power!
The wavering orb of destruction hits the red devil!!!
You blow up the red devil!
Vehumet accepts your kill.
You feel your power returning.
You see here a +0 trident.
Aiming: Dig
Press: ? - help, Shift-Dir - straight line You can't see that place. [a rock wall.]
The rock shatters into small pieces.
There is a staircase leading out of the dungeon here.
You have escaped!

## ##.......## ##.## ##.## #
##.........## #..###...######
###...........####.##.........###
##......#......###..##...##......
#......###......###.###.###...###
......## ##......##.# #.# #####
.....## ##......#.# #.# ....##
##.......###.# ##### >..##
##..@.......###...## ....##
##.......######.###.## .....##
##......#.# #.#####.# ......##
##......##.# #.##....#
#......###......###.# #.##.##..
........#......###..# ##.#.#.##
###...........####.## ##...## #
##.........## #..# ##.## ##
##.......## ##.## #.#


There were no monsters in sight!

Vanquished Creatures
  A pandemonium lord (Zot:1)
  2 dread liches
  6 ancient liches
  Mara (Snake:3)
  10 orbs of fire
  2 juggernauts
  Sojobo (Depths:2)
  Josephina (Depths:4)
  2 Killer Klowns (Zot:5)
  Bai Suzhen (Swamp:4)
  A curse toe (Zot:1)
  11 caustic shrikes (Depths:4)
  8 golden dragons
  Nikola (Elf:1)
  A Brimstone Fiend (Depths:2)
  4 electric golems
  Rupert (D:15)
  A Tzitzimitl (D:14)
  25 Orb Guardians
  2 walking crystal tomes
  2 Hell Sentinels
  6 liches
  15 tentacled monstrosities
  5 titans
  2 walking divine tomes (Depths:4)
  2 deep elf blademasters (Elf:3)
  2 deep elf master archers (Elf:3)
  14 sphinxes
  9 quicksilver dragons
  Gastronok (D:10)
  7 death cobs
  Agnes (Snake:2)
  Aizul (Snake:2)
  10 shadow dragons
  5 tengu reavers
  2 thorn hunters (Swamp:4)
  11 fire giants
  3 nagarajas (Snake:4)
  3 draconian monks
  19 storm dragons
  20 vault wardens
  13 frost giants
  3 draconian knights
  4 deep elf sorcerers
  4 iron dragons
  3 deep elf elementalists
  7 draconian scorchers
  2 ghost moths
  5 draconian shifters
  4 orc warlords
  A balrug (D:2)
  5 spectral caustic shrikes (Depths:3)
  2 spriggan defenders
  A juggernaut zombie (Depths:3)
  3 draconian annihilators
  25 ironbound preservers
  9 war gargoyles
  A reaper (Depths:1)
  A caustic shrike skeleton (Depths:2)
  6 draconian stormcallers
  21 very ugly things
  4 vampire knights
  A formless jellyfish (Vaults:1)
  9 black draconians
  21 stone giants
  7 deep elf demonologists
  5 ironbound thunderhulks
  10 green draconians
  6 deep elf annihilators
  14 yellow draconians
  8 dire elephants
  12 purple draconians
  5 red draconians
  7 eleionomae
  2 lorocyprocas
  5 bunyips
  13 white draconians
  3 spark wasps (Depths:4)
  5 deep elf death magi
  4 crystal guardians
  13 ettins
  9 fire dragons
  3 shambling mangroves (Swamp:4)
  7 great orbs of eyes
  18 yaktaur captains
  10 deep elf high priests
  30 vault guards
  2 ghost crabs
  6 peacekeepers
  A hydra (shapeshifter) (Vaults:5)
  3 rakshasas
  8 ice dragons
  A salamander tyrant (Snake:2)
  14 hydras
  7 spriggan air magi
  2 ogre magi
  A catoblepas (shapeshifter) (Vaults:5)
  8 ironbound frosthearts
  16 anacondas
  8 alligators
  A sphinx zombie (Depths:2)
  6 boulder beetles
  3 catoblepae
  19 centaur warriors
  10 death yaks (Lair:5)
  11 dancing weapons
  Erica (D:9)
  8 naga warriors
  5 two-headed ogres
  4 tengu warriors
  8 deep troll shamans
  7 deep troll earth magi
  8 shock serpents
  7 naga sharpshooters
  3 hell hogs (Depths:1)
  A vampire mage (Depths:2)
  11 spriggans
  6 spriggan berserkers
  4 sun demons
  2 orc high priests
  2 soul eaters
  12 deep elf knights
  30 hell knights
  Sonja (Orc:1)
  7 iron trolls
  7 skeletal warriors (Vaults:3)
  A death drake (shapeshifter) (Depths:3)
  5 salamander mystics
  2 goliath frogs
  A shadow wraith (Vaults:5)
  15 sea snakes
  A shadow demon (Depths:1)
  61 deep trolls
  5 glowing orange brains
  4 spriggan druids
  A death drake (Swamp:4)
  3 spectral hydras (Swamp:4)
  5 flayed ghosts
  11 swamp dragons
  10 naga ritualists
  2 bog bodies
  10 deep elf archers
  10 wizards
  A glowing orange brain (shapeshifter) (Vaults:5)
  A harpy (shapeshifter) (Vaults:5)
  11 necromancers
  12 mana vipers
  3 harpies (Vaults:3)
  A golden dragon skeleton (Depths:2)
  17 orc knights
  5 phantasmal warriors
  29 ugly things
  4 tengu zombies
  10 ironbound convokers
  A shining eye (shapeshifter) (Vaults:4)
  A frost giant zombie (Depths:3)
  3 oklob plants (Swamp:4)
  2 sphinx simulacra (Depths:4)
  13 deep elf pyromancers
  15 deep elf zephyrmancers
  6 will-o-the-wisps
  14 salamanders
  An orc sorcerer (Orc:1)
  A faun (shapeshifter) (Depths:4)
  10 cyclopes
  2 manticores
  2 tengu skeletons (Vaults:3)
  25 moths of wrath
  4 elephants (Lair:5)
  16 vault sentinels
  2 rust devils
  15 naga magi
  2 orange demons (Depths:1)
  11 guardian serpents
  2 cane toads (shapeshifter) (Vaults:5)
  5 human skeletons
  48 black mambas
  10 cane toads
  3 gargoyles
  A storm dragon simulacrum (Depths:4)
  6 rime drakes
  An unseen horror (D:13)
  A freezing wraith (Vaults:5)
  30 yaktaurs
  A hellion (Depths:2)
  A tengu conjurer (Depths:1)
  2 ice devils
  9 komodo dragons
  3 red devils
  A spriggan skeleton (Depths:2)
  4 hydra zombies (Swamp:4)
  2 yaktaur skeletons (Vaults:3)
  3 polar bears
  3 meliai (D:13)
  A shadow dragon simulacrum (Depths:3)
  8 trolls
  4 hellwings
  7 tyrant leeches
  A death drake zombie (Swamp:4)
  2 bloated husks (Swamp:1)
  A wind drake (shapeshifter) (D:13)
  19 hornets
  A tarantella (shapeshifter) (Vaults:5)
  A hydra skeleton (Swamp:4)
  An iron dragon simulacrum (Depths:4)
  A death drake skeleton (Swamp:4)
  7 blink frogs
  A shadow (D:10)
  2 air elementals (Elf:3)
  30 slime creatures
  A jumping spider (shapeshifter) (D:15)
  2 wyverns
  A ynoxinul (Depths:1)
  2 ettin skeletons (Vaults:3)
  A basilisk (shapeshifter) (D:14)
  5 water elementals
  2 wraiths
  A hog (shapeshifter) (D:13)
  2 steam dragons
  8 basilisks
  5 golden eyes (D:9)
  54 yaks
  A fire elemental (Elf:2)
  16 vampire mosquitoes
  A chaos spawn (Depths:4)
  38 nagas
  A glowing shapeshifter zombie (Depths:2)
  11 swamp worms
  6 wargs
  18 water moccasins
  3 hydra simulacra (Swamp:4)
  2 swamp dragon zombies (Swamp:4)
  49 orc warriors
  2 sky beasts
  4 swamp drakes
  5 black bears
  An ice beast (D:6)
  5 ogres
  A boggart (D:14)
  15 centaurs
  A swamp dragon skeleton (Swamp:4)
  20 wolves
  A phantom (D:6)
  3 kobold brigands
  2 gnoll sergeants
  7 scorpions
  6 bullfrogs
  A glowing shapeshifter simulacrum (Depths:3)
  2 earth elementals
  11 wights
  7 killer bees (D:7)
  11 electric eels
  5 howler monkeys
  3 lava snakes (Lair:3)
  2 centaur zombies (Ossuary)
  11 orc priests
  A jelly (D:7)
  2 quasits (D:9)
  A gnoll bouda (D:7)
  5 hounds
  A human zombie (Ossuary)
  4 sleepcaps
  An iguana (D:6)
  21 orc wizards
  2 lightning spires (Swamp:3)
  A boggart simulacrum (D:14)
  A mummy (Ossuary)
  18 gnolls
  9 adders
  A shadow imp (D:6)
  13 white imps
  A worm (D:2)
  A dart slug (D:4)
  111 orcs
  6 ball pythons
  6 endoplasms
  2 giant cockroaches
  6 goblins
  5 hobgoblins
  3 quokkas
  A bat (D:2)
  4 frilled lizards
  21 kobolds
  13 rats
  A ball lightning (Swamp:3)
  8 fire vortices
  3 fulminant prisms
2073 creatures vanquished.

Vanquished Creatures (collateral kills)
  A tentacled monstrosity (Zot:2)
  A lich (Zot:1)
  An Orb Guardian (Zot:5)
  A titan (Vaults:5)
  A draconian monk (Zot:4)
  A draconian knight (Zot:1)
  A vault warden (Vaults:1)
  A draconian annihilator (Zot:4)
  A black draconian (Zot:1)
  2 green draconians
  2 white draconians
  3 purple draconians
  3 yellow draconians
  A yaktaur captain (Vaults:5)
  A moth of wrath (Zot:4)
21 creatures vanquished.

Vanquished Creatures (others)
  A spark wasp (Depths:4)
  A ball lightning (Swamp:3)
  200 fire vortices
  6 foxfires
  241 fulminant prisms
449 creatures vanquished.

Grand Total: 2543 creatures vanquished

Notes
Turn   | Place    | Note
-------+----------+-------------------------------------------
     0 | D:1      | BarneyGumball the Deep Elf Conjurer began the quest for the
                  | Orb.
     0 | D:1      | Reached XP level 1. HP: 10/10 MP: 6/6
   267 | D:1      | Reached skill level 1 in Hexes
   459 | D:1      | Found a faded altar of an unknown god.
   707 | D:1      | Reached XP level 2. HP: 15/15 MP: 6/8
   710 | D:1      | Learned a level 2 spell: Searing Ray
  1535 | D:2      | Reached XP level 3. HP: 19/19 MP: 4/9
  1607 | D:2      | Reached skill level 5 in Conjurations
  2201 | D:3      | Noticed Grinder
  2477 | D:3      | Reached XP level 4. HP: 24/24 MP: 5/10
  2919 | D:3      | Identified the +1 leather armour of Fun and Games {+Inv
                  | rCorr}
  2998 | D:3      | Reached XP level 5. HP: 28/28 MP: 4/11
  3485 | D:4      | Reached skill level 5 in Hexes
  3723 | D:4      | Reached XP level 6. HP: 32/32 MP: 1/12
  3825 | D:4      | Identified the amulet "Ranuelir" {Faith rCorr Dex+3}
  4036 | D:4      | Learned a level 4 spell: Fulminant Prism
  4187 | D:4      | Noticed Ijyb
  4443 | D:5      | Entered Level 5 of the Dungeon
  4454 | D:5      | Learned a level 4 spell: Iskenderun's Mystic Blast
  4570 | D:5      | Reached XP level 7. HP: 36/36 MP: 2/13
  5081 | D:5      | Found a staircase to the Ecumenical Temple.
  5111 | Temple   | Entered the Ecumenical Temple
  5122 | Temple   | Became a worshipper of Vehumet
  5157 | D:5      | Noticed ooops's ghost (novice OpCj)
  5160 | D:5      | Found a transporter.
  5304 | D:5      | Found Etedwas's Antique Weapon Boutique.
  5653 | D:5      | Found Zedeas Mowu's Antique Armour Emporium.
  5678 | D:5      | Found a transporter.
  5825 | D:6      | Noticed Prince Ribbit
  5847 | D:6      | Found Agralito's Weapon Emporium.
  5905 | D:6      | Reached XP level 8. HP: 34/41 MP: 6/14
  5994 | D:6      | Reached skill level 5 in Translocations
  6176 | D:6      | Reached skill level 1 in Fighting
  6277 | D:6      | Noticed a manticore
  6393 | D:6      | Found a sand-covered staircase.
  6402 | Ossuary  | Entered an ossuary
  6627 | D:6      | Identified the +9 sling of Dissolution {heavy, rPois rF+}
  7287 | D:7      | Reached * piety under Vehumet
  7287 | D:7      | Offered knowledge of Sandblast by Vehumet.
  7288 | D:7      | Reached skill level 5 in Dodging
  7648 | D:7      | Reached XP level 9. HP: 40/51 MP: 8/15
  9294 | D:8      | Reached skill level 5 in Spellcasting
  9583 | D:8      | Found an opulent altar of Gozag.
  9637 | D:8      | Reached skill level 10 in Conjurations
  9660 | D:8      | Learned a level 2 spell: Blink
 10064 | D:9      | Reached XP level 10. HP: 36/56 MP: 20/23
 10285 | D:9      | Offered knowledge of Foxfire by Vehumet.
 10288 | D:9      | Reached ** piety under Vehumet
 10498 | D:9      | Noticed Erica
 10550 | D:9      | Killed Erica
 11000 | D:9      | Noticed a rust devil
 11008 | D:9      | Noticed a rust devil
 11403 | D:10     | Entered Level 10 of the Dungeon
 11403 | D:10     | Noticed Gastronok
 11418 | D:10     | Killed Gastronok
 11419 | D:10     | Reached XP level 11. HP: 39/61 MP: 7/25
 11523 | D:10     | Found a transporter.
 11525 | D:10     | Found a transporter.
 11526 | D:10     | Noticed a two-headed ogre
 11530 | D:10     | Found a bloodstained altar of Trog.
 11538 | D:10     | Noticed a tengu warrior
 11538 | D:10     | Noticed a two-headed ogre
 11539 | D:10     | Noticed dontdoit's ghost (journeyman FoSu)
 11593 | D:10     | Noticed a two-headed ogre
 11634 | D:10     | Offered knowledge of Poisonous Vapours by Vehumet.
 11641 | D:10     | Noticed a two-headed ogre
 11971 | D:10     | Found a broken altar of Ashenzari.
 11994 | D:10     | Got a conspicuous book
 12003 | D:10     | Learned a level 7 spell: Orb of Destruction
 12006 | D:10     | Learned a level 2 spell: Passwall
 12044 | D:10     | Found an iron altar of Okawaru.
 12113 | D:10     | Killed a two-headed ogre
 12114 | D:10     | Reached skill level 15 in Conjurations
 12491 | D:11     | Found a shimmering altar of Xom.
 12571 | D:11     | Noticed a two-headed ogre
 12610 | D:11     | Reached *** piety under Vehumet
 12730 | D:11     | Noticed a boulder beetle
 12748 | D:11     | Killed a boulder beetle
 12870 | D:11     | Killed a two-headed ogre
 12964 | D:11     | Found a staircase to the Orcish Mines.
 13148 | D:11     | Noticed a boulder beetle
 13386 | D:11     | Killed a boulder beetle
 13387 | D:11     | Reached skill level 1 in Evocations
 13392 | D:11     | Reached skill level 1 in Staves
 13398 | D:11     | Reached skill level 1 in Armour
 13572 | D:11     | Found a staircase to the Lair.
 13639 | Lair:1   | Entered Level 1 of the Lair of Beasts
 13644 | Lair:1   | Offered knowledge of Mephitic Cloud by Vehumet.
 13653 | Lair:1   | Reached skill level 1 in Earth Magic
 13860 | Lair:1   | Reached XP level 12. HP: 67/67 MP: 14/26
 14085 | Lair:1   | Reached **** piety under Vehumet
 14490 | Lair:1   | Reached skill level 5 in Fighting
 15000 | Lair:2   | Offered knowledge of Lee's Rapid Deconstruction by Vehumet.
 15303 | Lair:2   | Noticed a five-headed hydra
 15309 | Lair:2   | Killed a five-headed hydra
 15337 | Lair:2   | Noticed a four-headed hydra
 15341 | Lair:2   | Killed a four-headed hydra
 15389 | Lair:2   | Found a staircase to the Swamp.
 16139 | Lair:3   | Found an ornate altar of the Wu Jian Council.
 16140 | Lair:3   | Found a hide-covered altar of Uskayaw.
 16141 | Lair:3   | Noticed a boulder beetle
 16144 | Lair:3   | Killed a boulder beetle
 16297 | Lair:3   | Reached XP level 13. HP: 76/76 MP: 22/27
 16424 | Lair:3   | Found a staircase to the Snake Pit.
 16438 | Lair:3   | Reached skill level 10 in Dodging
 16614 | Lair:3   | Found a dark tunnel.
 17260 | Lair:4   | Reached ***** piety under Vehumet
 17319 | Lair:4   | Offered knowledge of Yara's Violent Unravelling by Vehumet.
 17326 | Lair:4   | Learned a level 5 spell: Yara's Violent Unravelling
 17466 | Lair:4   | Reached skill level 1 in Transmutations
 17610 | Lair:4   | Found a frozen archway.
 17750 | Lair:4   | Identified the +1 ring mail of the Mind {rElec Regen+ Str+3
                  | Int+2}
 18275 | Lair:5   | Entered Level 5 of the Lair of Beasts
 18935 | Lair:5   | Found a staircase to the Slime Pits.
 19388 | Lair:5   | Reached XP level 14. HP: 73/84 MP: 20/28
 19823 | D:12     | Offered knowledge of Olgreb's Toxic Radiance by Vehumet.
 20301 | D:12     | Reached skill level 10 in Spellcasting
 20538 | D:12     | Found a runed translucent door.
 20541 | D:12     | Noticed a sphinx
 20542 | D:12     | Found a runed translucent door.
 21037 | D:13     | Found a runed translucent gate.
 21037 | D:13     | Found a runed translucent gate.
 21037 | D:13     | Found a runed translucent gate.
 21039 | D:13     | Noticed Fuugimn's ghost (journeyman DsSh)
 21391 | D:13     | Learned a level 5 spell: Irradiate
 22099 | D:14     | Reached skill level 15 in Spellcasting
 22214 | D:9      | Reached skill level 1 in Shields
 22359 | D:5      | Bought a faintly glowing buckler for 304 gold pieces
 22359 | D:5      | Identified the +0 buckler "Tuebi" {rC+ rCorr Int+3} (You
                  | bought it in a shop on level 5 of the Dungeon)
 22359 | D:5      | Bought a pair of boots for 144 gold pieces
 22591 | D:15     | Entered Level 15 of the Dungeon
 23015 | D:14     | Reached XP level 15. HP: 89/89 MP: 22/36
 23158 | D:14     | Found a gate to the Vaults.
 23293 | D:15     | Noticed Rupert
 23429 | D:15     | Killed Rupert
 24037 | D:15     | Identified the +6 arbalest of the Scroll {penet, Str+5
                  | Dex-5}
 24115 | D:15     | Found a staircase to the Depths.
 24363 | Orc:1    | Entered Level 1 of the Orcish Mines
 24393 | Orc:1    | Reached skill level 5 in Shields
 24416 | Orc:1    | Reached ****** piety under Vehumet
 24467 | Orc:1    | Offered knowledge of Freezing Cloud by Vehumet.
 24966 | Orc:2    | Entered Level 2 of the Orcish Mines
 24966 | Orc:2    | Found a staircase to the Elven Halls.
 25234 | Orc:2    | Reached skill level 10 in Fighting
 25333 | Orc:2    | Found Dounar's Book Boutique.
 25491 | Orc:1    | Noticed Sonja
 25546 | Orc:1    | Killed Sonja
 25980 | Orc:2    | Found Pakhogh's Magic Scroll Emporium.
 25980 | Orc:2    | Found Eculiow's Assorted Antiques.
 25982 | Orc:2    | Found Sicwosue's Antique Weapon Boutique.
 25984 | Orc:2    | Found Peczal's Assorted Antiques.
 25996 | Orc:2    | Bought a scroll of blinking for 142 gold pieces
 25996 | Orc:2    | Bought a scroll of identify for 38 gold pieces
 25996 | Orc:2    | Bought a scroll of identify for 38 gold pieces
 25996 | Orc:2    | Bought a scroll of teleportation for 57 gold pieces
 25996 | Orc:2    | Bought a scroll of teleportation for 57 gold pieces
 25998 | Orc:2    | Bought a scroll of fog for 56 gold pieces
 25998 | Orc:2    | Bought a scroll of silence for 133 gold pieces
 25998 | Orc:2    | Bought a scroll of identify for 28 gold pieces
 25998 | Orc:2    | Bought a scroll of identify for 28 gold pieces
 25998 | Orc:2    | Bought 3 scrolls of identify for 84 gold pieces
 25998 | Orc:2    | Bought a scroll of revelation for 105 gold pieces
 25998 | Orc:2    | Bought a scroll of teleportation for 42 gold pieces
 26006 | Orc:2    | Identified a scroll of acquirement
 26010 | Orc:2    | Acquired a staff of conjuration
 26017 | Orc:2    | Bought a scroll of identify for 52 gold pieces
 26020 | Orc:2    | Bought a scroll of teleportation for 78 gold pieces
 26020 | Orc:2    | Bought a scroll of poison for 104 gold pieces
 26020 | Orc:2    | Bought a scroll of fog for 104 gold pieces
 26020 | Orc:2    | Bought a potion of curing for 78 gold pieces
 26027 | Orc:2    | Bought a wand of paralysis (3) for 136 gold pieces
 26432 | Snake:1  | Entered Level 1 of the Snake Pit
 26492 | Snake:1  | Offered knowledge of Ozocubu's Refrigeration by Vehumet.
 27015 | Snake:1  | Reached XP level 16. HP: 71/100 MP: 23/37
 27765 | Snake:2  | Found Limpeac's Antique Armour Emporium.
 27765 | Snake:2  | Found Woruk's General Store.
 27766 | Snake:2  | Found Ahigie's Armour Shoppe.
 27770 | Snake:2  | Found Qozum's Weapon Emporium.
 27773 | Snake:2  | Bought a scroll of identify for 32 gold pieces
 28082 | Snake:2  | Noticed Agnes
 28120 | Snake:2  | Killed Agnes
 28138 | Snake:2  | Noticed Aizul
 28142 | Snake:2  | Killed Aizul
 28962 | Snake:3  | Offered knowledge of Eringya's Noxious Bog by Vehumet.
 29502 | Snake:3  | Reached skill level 5 in Evocations
 30267 | Snake:3  | Noticed Mara
 30295 | Snake:3  | Noticed BarneyGumball's illusion
 30423 | Snake:3  | Killed Mara
 30497 | Snake:3  | Reached XP level 17. HP: 91/106 MP: 20/38
 30765 | Snake:4  | Entered Level 4 of the Snake Pit
 30897 | Snake:4  | Offered knowledge of Plasma Beam by Vehumet.
 31577 | Snake:4  | Reached skill level 15 in Dodging
 31730 | Snake:4  | Got a serpentine rune of Zot
 31954 | Swamp:1  | Entered Level 1 of the Swamp
 33170 | Swamp:2  | Offered knowledge of Ignition by Vehumet.
 33180 | Swamp:2  | Learned a level 8 spell: Ignition
 33283 | Swamp:2  | Reached skill level 1 in Fire Magic
 33284 | Swamp:2  | Reached skill level 2 in Fire Magic
 33450 | Swamp:2  | Reached skill level 3 in Fire Magic
 33504 | Swamp:2  | Reached skill level 4 in Fire Magic
 33814 | Swamp:3  | Reached skill level 5 in Fire Magic
 34207 | Swamp:3  | Reached skill level 6 in Fire Magic
 34366 | Swamp:3  | Reached skill level 7 in Fire Magic
 34589 | Swamp:4  | Entered Level 4 of the Swamp
 34910 | Swamp:4  | Reached skill level 8 in Fire Magic
 34995 | Swamp:3  | Reached XP level 18. HP: 112/112 MP: 3/39
 35091 | Swamp:4  | Reached skill level 9 in Fire Magic
 35212 | Swamp:4  | Noticed Bai Suzhen
 35224 | Swamp:4  | Killed Bai Suzhen
 35229 | Swamp:4  | Reached skill level 10 in Fire Magic
 35480 | Swamp:4  | Reached skill level 11 in Fire Magic
 35615 | Swamp:4  | Found a basalt altar of Yredelemnul.
 35655 | Swamp:4  | Offered knowledge of Lehudib's Crystal Spear by Vehumet.
 35655 | Swamp:4  | Offered knowledge of Fire Storm by Vehumet.
 35655 | Swamp:4  | Offered knowledge of Polar Vortex by Vehumet.
 35679 | Swamp:4  | Found a blossoming altar of Fedhas.
 35874 | Swamp:4  | Got a decaying rune of Zot
 35924 | Swamp:4  | Reached skill level 12 in Fire Magic
 36297 | Vaults:1 | Entered Level 1 of the Vaults
 36407 | Vaults:1 | Paralysed by a formless jellyfish for 1 turns
 36495 | Vaults:1 | Reached skill level 13 in Fire Magic
 37073 | Vaults:1 | Reached skill level 14 in Fire Magic
 37227 | Vaults:1 | Found Meug's Assorted Antiques.
 37255 | Vaults:1 | Bought a scroll of fear for 80 gold pieces
 37255 | Vaults:1 | Bought a scroll of teleportation for 60 gold pieces
 37579 | Vaults:1 | Reached skill level 15 in Fire Magic
 37753 | Vaults:1 | Found Susagox's Armour Shop.
 37876 | Vaults:1 | Found a runed translucent gate.
 37876 | Vaults:1 | Found a runed translucent gate.
 37876 | Vaults:1 | Found a runed translucent gate.
 37880 | Vaults:1 | Noticed Cevimn's ghost (adept GrFi)
 38293 | Vaults:2 | Reached XP level 19. HP: 82/116 MP: 8/40
 38465 | Vaults:2 | Reached skill level 16 in Fire Magic
 38912 | Vaults:2 | Reached skill level 17 in Fire Magic
 40023 | Vaults:3 | Found Keokku's Magic Scroll Boutique.
 40127 | Vaults:3 | Reached skill level 18 in Fire Magic
 40326 | Vaults:3 | Paralysed by a sphinx for 3 turns
 40604 | Vaults:3 | Found a runed translucent door.
 40867 | Vaults:3 | Reached skill level 19 in Fire Magic
 40986 | Vaults:3 | Found Tevawn's Armour Emporium.
 41344 | Vaults:3 | Bought a +2 kite shield of positive energy for 314 gold
                  | pieces
 42117 | Vaults:3 | Found a staircase to the Crypt.
 42206 | Vaults:3 | Reached XP level 20. HP: 97/122 MP: 12/41
 42281 | Vaults:3 | Reached skill level 20 in Fire Magic
 42282 | Vaults:3 | Reached skill level 10 in Shields
 42969 | Vaults:4 | Found Itexyunn's Magic Scroll Shoppe.
 42976 | Vaults:4 | Bought a scroll of revelation for 135 gold pieces
 42976 | Vaults:4 | Bought a scroll of blinking for 135 gold pieces
 43061 | Vaults:4 | Identified the +9 scimitar "Patoexux" {speed, rN++}
 43992 | Vaults:4 | Identified the +8 rapier of the Spectre {flame, rN++ Int-2}
 44270 | Vaults:4 | Reached skill level 21 in Fire Magic
 44638 | Depths:1 | Entered Level 1 of the Depths
 45189 | Depths:1 | You fall into a shaft and drop 1 floor!
 45189 | Depths:2 | Found a one-way gate leading to the halls of Pandemonium.
 45292 | Depths:1 | Acquired 935 gold pieces
 45294 | Depths:1 | Acquired 849 gold pieces
 45295 | Depths:1 | Acquired 506 gold pieces
 45410 | Depths:1 | Found a gateway to Hell.
 45867 | Depths:2 | Found Rybulus's Armour Emporium.
 45888 | Depths:2 | Bought a +1 pair of gloves of dexterity for 181 gold pieces
 46347 | Depths:2 | Reached XP level 21. HP: 126/127 MP: 22/42
 46426 | Depths:2 | Noticed Sojobo
 46432 | Depths:2 | Killed Sojobo
 46600 | Depths:3 | Reached skill level 22 in Fire Magic
 46847 | Depths:3 | Noticed a juggernaut
 46856 | Depths:3 | Killed a juggernaut
 47239 | Depths:3 | Identified the ring of Nohuraeps {Ice Drain rPois Dex+2
                  | Slay+3}
 47905 | Depths:3 | Found a one-way gate to the infinite horrors of the Abyss.
 48063 | Depths:3 | Found a hazy altar of Hepliaklqana.
 48080 | Depths:3 | Found a one-way gateway to a ziggurat.
 48926 | Depths:4 | Entered Level 4 of the Depths
 48985 | Depths:4 | Identified the ring "Mischyde" {Ice +Blink Will+ SInv}
 48985 | Depths:4 | Noticed Josephina
 49001 | Depths:4 | Killed Josephina
 49088 | Depths:4 | Learned a level 9 spell: Fire Storm
 49336 | Depths:4 | Noticed an ancient lich
 49342 | Depths:4 | Killed an ancient lich
 49409 | Depths:4 | Noticed a juggernaut
 49416 | Depths:4 | Killed a juggernaut
 49417 | Depths:4 | Reached XP level 22. HP: 132/132 MP: 18/45
 49592 | Depths:4 | Noticed a caustic shrike
 49595 | Depths:4 | Killed a caustic shrike
 49595 | Depths:4 | Noticed a caustic shrike
 49599 | Depths:4 | Killed a caustic shrike
 49614 | Depths:4 | Noticed a caustic shrike
 49618 | Depths:4 | Killed a caustic shrike
 49692 | Depths:4 | Noticed a caustic shrike
 49697 | Depths:4 | Killed a caustic shrike
 49810 | Depths:4 | Noticed a caustic shrike
 49810 | Depths:4 | Noticed a caustic shrike
 49810 | Depths:4 | Noticed a caustic shrike
 49812 | Depths:4 | Noticed a caustic shrike
 49814 | Depths:4 | Killed a caustic shrike
 49814 | Depths:4 | Killed a caustic shrike
 49814 | Depths:4 | Killed a caustic shrike
 49815 | Depths:4 | Reached skill level 23 in Fire Magic
 49817 | Depths:4 | Killed a caustic shrike
 49918 | Depths:4 | Noticed a golden dragon
 49925 | Depths:4 | Killed a golden dragon
 51622 | Depths:4 | Noticed a caustic shrike
 51712 | Depths:4 | Noticed a golden dragon
 51714 | Depths:4 | Noticed a caustic shrike
 51714 | Depths:4 | Noticed a caustic shrike
 51718 | Depths:4 | Killed a caustic shrike
 51893 | Depths:4 | Killed a golden dragon
 51899 | Depths:4 | Killed a caustic shrike
 51904 | Depths:4 | Killed a caustic shrike
 52119 | Depths:4 | Found a gate to the Realm of Zot.
 54126 | Depths:2 | Paralysed by a sphinx for 5 turns
 54360 | Depths:2 | Noticed a golden dragon
 54365 | Depths:2 | Killed a golden dragon
 54366 | Depths:2 | Reached XP level 23. HP: 94/136 MP: 36/48
 54998 | Vaults:5 | Entered Level 5 of the Vaults
 55000 | Vaults:5 | Reached skill level 24 in Fire Magic
 55062 | Vaults:5 | Noticed an ancient lich
 55284 | Vaults:5 | Killed an ancient lich
 55646 | Vaults:5 | Identified the +0 storm dragon scales of the Fuzzy God
                  | {rElec rPois Int+3 Dex+3}
 56294 | Vaults:5 | Identified the staff of Locus Delicti {*Slow rPois Dex+5
                  | Poison}
 56349 | Vaults:5 | Identified the +8 great sword of the Real Monster {flame,
                  | rC+}
 56352 | Vaults:5 | Identified the +5 mace "Abuyc Jyann" {venom, rF+ rC++
                  | Will++}
 56402 | Vaults:5 | Identified the +1 robe of Obamir {rC+ Str+2}
 56421 | Vaults:5 | Identified the +2 robe of Vywoarro {rCorr Slay+4 Stlth-
                  | Archmagi}
 56568 | Vaults:5 | Identified the +5 spear of Prudence {pain, Int+3}
 56626 | Vaults:5 | Identified the +8 dagger "Vuiledgh" {pain, *Slow rN+ Int+3
                  | Dex+4}
 56886 | Vaults:5 | Got a silver rune of Zot
 57082 | Vaults:5 | Noticed a dread lich
 57086 | Vaults:5 | Killed a dread lich
 57645 | Elf:1    | Entered Level 1 of the Elven Halls
 57766 | Elf:1    | Noticed Nikola
 57769 | Elf:1    | Killed Nikola
 57770 | Elf:1    | Reached skill level 25 in Fire Magic
 57861 | Elf:1    | Found a flickering gateway to a bazaar.
 57876 | Bazaar   | Entered a bazaar
 57876 | Bazaar   | Found Opyov's Distillery.
 57876 | Bazaar   | Found Qapucvafi's Antique Armour Shop.
 57895 | Bazaar   | Bought a potion of brilliance for 68 gold pieces
 57895 | Bazaar   | Bought 2 potions of brilliance for 136 gold pieces
 57895 | Bazaar   | Bought 2 potions of brilliance for 136 gold pieces
 57918 | Bazaar   | Found Juil's Antique Weapon Shop.
 57926 | Bazaar   | Bought the +3 Elemental Staff {ele, rElec rF+ rC+ AC+3} for
                  | 2169 gold pieces
 57926 | Bazaar   | Found the +3 Elemental Staff {ele, rElec rF+ rC+ AC+3}
 57992 | Elf:1    | Reached XP level 24. HP: 142/142 MP: 50/50
 58236 | Elf:1    | Found a magical portal.
 59189 | Elf:2    | Found Loetops's Book Boutique.
 59210 | Elf:2    | Found a runed translucent gate.
 59210 | Elf:2    | Found a runed translucent gate.
 59256 | Elf:2    | Found a runed translucent gate.
 59387 | Elf:3    | Entered Level 3 of the Elven Halls
 59453 | Elf:3    | Acquired the ring of Rationality {rPois Int+4 Dex+6 Slay+3}
 59542 | Elf:3    | Found an ancient bone altar of Kikubaaqudgha.
 60503 | Elf:3    | Identified the +4 broad axe "Hellblazer" {flame, Dex+3}
 60673 | Elf:3    | Got a mumbling book
 60677 | Elf:3    | Got a torn book
 60680 | Elf:3    | Identified the staff "Wodudgh" {rPois Str+5 Int-3 Poison}
 60719 | Elf:3    | Identified the amulet of Culonop {Reflect Slay+3 SH+5}
 60805 | Elf:3    | Identified the +2 rapier "Vuibluar" {venom, rF- rN+ Will+
                  | Str+3}
 60815 | Elf:3    | Identified the +1 rapier of Destiny {drain, Str+4}
 61511 | Zot:1    | Entered Level 1 of the Realm of Zot
 62086 | Zot:1    | You fall into a shaft and drop 1 floor!
 64304 | Zot:3    | Noticed an orb of fire
 64930 | Zot:3    | Acquired 1097 gold pieces
 65046 | Zot:3    | Killed an orb of fire
 65287 | Zot:3    | Reached XP level 25. HP: 150/150 MP: 40/51
 67185 | Zot:5    | Entered Level 5 of the Realm of Zot
 67272 | Zot:5    | Reached skill level 26 in Fire Magic
 68592 | Zot:5    | Noticed a Killer Klown
 68617 | Zot:5    | Killed a Killer Klown
 68781 | Zot:5    | Noticed an ancient lich
 68787 | Zot:5    | Killed an ancient lich
 69148 | Zot:5    | Noticed an orb of fire
 69154 | Zot:5    | Gained mutation: You are partially covered in iridescent
                  | scales. (AC +2) [an orb of fire]
 69155 | Zot:5    | Gained mutation: You sometimes lose your temper in combat.
                  | [an orb of fire]
 69155 | Zot:5    | Noticed an ancient lich
 69156 | Zot:5    | Killed an orb of fire
 69270 | Zot:5    | Noticed an orb of fire
 69274 | Zot:5    | Killed an orb of fire
 69274 | Zot:5    | Killed an ancient lich
 69314 | Zot:5    | Noticed an orb of fire
 69320 | Zot:5    | Noticed an orb of fire
 69324 | Zot:5    | Killed an orb of fire
 69334 | Zot:5    | Gained mutation: You are weak. (Str -2) [an orb of fire]
 69582 | Zot:5    | Killed an orb of fire
 69729 | Zot:5    | Noticed an ancient lich
 69733 | Zot:5    | Killed an ancient lich
 69788 | Zot:5    | Noticed a dread lich
 69797 | Zot:5    | Killed a dread lich
 69968 | Zot:5    | Noticed a Killer Klown
 70008 | Zot:5    | Killed a Killer Klown
 70184 | Zot:5    | Noticed an orb of fire
 70188 | Zot:5    | Killed an orb of fire
 70189 | Zot:5    | Reached XP level 26. HP: 160/160 MP: 34/52
 70230 | Zot:5    | Noticed an orb of fire
 70235 | Zot:5    | Noticed an orb of fire
 70238 | Zot:5    | Gained mutation: Your body sometimes deteriorates upon
                  | taking damage. [an orb of fire]
 70240 | Zot:5    | Killed an orb of fire
 70241 | Zot:5    | Reached skill level 15 in Fighting
 70241 | Zot:5    | Reached skill level 27 in Fire Magic
 70241 | Zot:5    | Killed an orb of fire
 70247 | Zot:5    | Noticed an ancient lich
 70251 | Zot:5    | Killed an ancient lich
 70253 | Zot:5    | Noticed an orb of fire
 70261 | Zot:5    | Killed an orb of fire
 70267 | Zot:5    | Noticed an orb of fire
 70272 | Zot:5    | Gained mutation: You occasionally lose the ability to read
                  | scrolls when taking damage. [an orb of fire]
 70273 | Zot:5    | Killed an orb of fire
 70493 | Zot:5    | Got the Orb of Zot
 70613 | Zot:1    | Noticed Ohiozoecu the pandemonium lord
 70627 | Zot:1    | Killed Ohiozoecu the pandemonium lord
 70665 | Depths:4 | Noticed Wuckudoty the pandemonium lord
 71026 | D:13     | Noticed Koyteheam the pandemonium lord
 71480 | D:$      | Escaped with the Orb!

Illustrated notes

Levels and vault maps discovered:
D:1:      dpeg_arrival_central, layout_loops_corners,
          shapermc_ecumenical_altar_pompeii, ebering_dispersal_statue_hall,
          minmay_cut_off
D:2:      layout_loops_ring, wad_floor_pattern_untrapped,
          minmay_rat_gold_closets
D:3:      layout_loops_corners, minivault_5, minivault_11, uniq_grinder
D:4:      layout_basic, uniq_ijyb
D:5:      layout_loops_ring, minmay_temple_entry_junction_2,
          gammafunk_ghost_arena, serial_shops, nicolae_shop_tiny_statue_garden,
          nicolae_shop_peninsula
D:6:      kennysheep_windowed_halls, layout_loops_cross,
          nicolae_ossuary_entry_monument, serial_shops,
          nicolae_shop_advertising_works [nicolae_subvault_shop_adworks],
          palyth_stone_intersect, corexii_item_surrounded_by_moat,
          uniq_prince_ribbit1
D:7:      layout_basic, minivault_10
D:8:      layout_basic, grunt_gozag_breadcrumbs, nicolae_nh_ransacked_shop
D:9:      layout_basic, serial_demonic, serial_demonic_a, serial_demonic_c,
          serial_demonic_f, serial_demonic_e, serial_demonic_b, uniq_erica
D:10:     layout_irregular_city, gammafunk_ghost_wrathful_warriors,
          hangedman_feature_mirror, kennysheep_nub, uniq_gastronok
D:11:     layout_rooms, erik_lair_dragon, hiddenorc1_lemuel,
          statue_in_the_mist_lemuel, xom_teletrap_fun
D:12:     minmay_expanding_circles, layout_long_grid, grunt_decor_one_mirror
D:13:     layout_loops_corners, gammafunk_ghost_nasty_kobolds
D:14:     layout_cave_pools, lightli_vaults_fourway_checkpoint, serial_park,
          serial_park_gazebo [serial_park_minivault_5x5_2], serial_park_tiny_1,
          serial_park_square1 [serial_park_minivault_5x5_4], serial_park_square1
          [serial_park_minivault_5x5_2], hangedman_decor_opposing
D:15:     grunt_enter_depths_hoard, layout_small_grid, kennysheep_flooded_box,
          uniq_rupert
Temple:   mainiacjoe_temple_circle_huts
Lair:1:   layout_layer_cave, infiniplex_staircase_pool
Lair:2:   layout_cave_pods, palyth_hydra_swamp_entry, serial_bayou_shore_b,
          grunt_megastairs_4, lemuel_fruit_tree
Lair:3:   layout_chaotic_city, nicolae_snake_entry_warm_welcome,
          enter_volcano_4, nzn_masters_of_martial_movement, serial_bayou_shore_b
Lair:4:   beast_lair_carwin_large_1, layout_regular_city,
          portal_ice_cave_entry_imps
Lair:5:   grunt_lair_end_beastmaster, layout_concentric_octagons, slime_entry_1,
          grunt_megastairs_5, infiniplex_staircase_pool_2
Swamp:1:  layout_falls_marsh, evilmike_swamp_ruin_wall
Swamp:2:  layout_basic_swamp, hangedman_swamp_ruin_wall, swamp_pool5
Swamp:3:  layout_basic_swamp, evilmike_swamp_ruin_house_5,
          hangedman_swamp_phenomena
Swamp:4:  byrel_swamp_growth_death_and_undeath, layout_basic_swamp, swamp_pool5,
          uniq_bai_suzhen
Snake:1:  layout_basic
Snake:2:  layout_basic, minmay_shoptagon, serial_bayou_shore_a, uniq_agnes,
          uniq_aizul
Snake:3:  layout_layer_cave, minmay_snake_pond, uniq_mara
Snake:4:  grunt_snake_rune_pools, layout_basic, serial_bayou_shore_b
Orc:1:    layout_diamond_mine, basic_altar, guppyfry_orc_lava_fort, uniq_sonja
Orc:2:    st_orc_rangers, layout_caves, serial_shops, shop
Elf:1:    layout_geoelf_diagonals, lightli_enter_wizlab_magi_temple,
          serial_shops, bzr_entry_islet, evilmike_minifort, uniq_nikola,
          uniq_norris
Elf:2:    elven_hall_of_blades_hangedman_original [grunt_blade_entry_basic],
          layout_geoelf_grid, serial_shops, shop, minmay_misc_feat_rows,
          minivault_28
Elf:3:    elf_hall_gauntlet_wide, layout_geoelf_castle, basic_altar
Vaults:1: gammafunk_ghost_tricky_traps, nicolae_vaults_doubleplus_tesselated,
          hangedman_vaults_impose, nicolae_vaults_apartment_2,
          ontoclasm_vaults_bender, nicolae_vaults_storage_room_statues,
          nicolae_vaults_stepped_doors, hangedman_vaults_capsules,
          nicolae_vaults_border_crossing, vaults_mumra_chevron,
          nicolae_vaults_taking_the_gang_shopping,
          nicolae_vaults_diagonal_hallway_7, nicolae_vaults_shrinking_rooms_1,
          nicolae_vaults_tetromino_T_2, hangedman_vaults_impose,
          nicolae_vaults_bisected_slash, layout_vaults_omnicross, serial_shops,
          nicolae_shop_stone
Vaults:2: vaults_dpeg_spiral, nicolae_vaults_apartment_2, v_misc_9,
          dpeg_vaults_monster_row, nicolae_vaults_ring_of_whatevers,
          nicolae_vaults_tetromino_L_1, hangedman_vaults_stagger,
          nicolae_vaults_security_offices_4, nicolae_vaults_house_1,
          layout_vaults_omnigrid
Vaults:3: nicolae_vaults_prndl, ontoclasm_vaults_spin, v_alt_pattern_5,
          v_rooms_5, nicolae_vaults_oozy_zoo, dpeg_vaults_monster_box,
          layout_vaults_chaotic_city, minmay_crypt_entry_skeletal_spiral,
          serial_shops, shop
Vaults:4: nicolae_vaults_twisting_passages, v_misc_28, nicolae_vaults_network_s,
          v_misc_4, hangedman_vaults_corner_blocks,
          nicolae_vaults_network_quinsquares
          [nicolae_vaults_network_quincunx_subvault,
          nicolae_vaults_network_quincunx_subvault,
          nicolae_vaults_network_quincunx_subvault,
          nicolae_vaults_network_quincunx_subvault],
          hangedman_vaults_corner_blocks, nicolae_vaults_little_ls, v_rooms_5,
          st_octagons_1, layout_vaults_maze_bifur, serial_shops, shop
Vaults:5
Depths:1: layout_gridlike, minmay_misc_feat_secret_circle,
          grunt_pan_entry_zigzag, hell_entry, kennysheep_generic_room_14,
          infiniplex_staircase_pool_lava
Depths:2: nicolae_herringbone, layout_gridlike, rand_demon_pan_entry_8,
          hell_entry, serial_shops, nicolae_shop_tiny_waterfront, serial_sigils,
          serial_sigils_hangedman_leer, serial_sigils_hangedman_gnaw,
          uniq_sojobo
Depths:3: grunt_deathspiral_large, layout_basic, enter_ziggurat_d, abyss_entry,
          pf_hell_entry_tar_river, worldfamousw_hep_ancestral_shrine
Depths:4: grunt_runaround [grunt_runaround_doors_1, grunt_runaround_doors_2,
          grunt_runaround_doors_3, grunt_runaround_doors_4,
          grunt_runaround_zot], pan_entry, hell_entry, uniq_josephina
Zot:1:    layout_basic
Zot:2:    layout_onion
Zot:3:    lemuel_draconian_sentries_small, layout_concentric_octagons
Zot:4:    grunt_twist_and_shout, layout_cathedral_of_symmetry,
          nicolae_zot_crop_circle
Zot:5:    layout_onion

Skill      XL: |  1  2  3  4  5  6  7  8  9 10 11 12 13 14 15 16 17 18 19 20 21 22 23 24 25 26 |
---------------+-------------------------------------------------------------------------------+-----
Hexes          | 1 2 3 4 5 7 |  7.0
Conjurations   | 5 6 7 8 9 10 14 16 17 18 19 21 22 23 24 25 | 25.0
Translocations | 2 4 6 |  6.0
Fighting       | 3 4 6 8 11 12 13 14 16 | 16.6
Dodging        | 5 6 9 12 13 14 15 17 18 | 18.0
Stealth        | 4 |  4.0
Spellcasting   | 7 8 15 17 19 21 22 23 | 23.0
Evocations     | 2 4 6 9 |  9.1
Staves         | 2 4 |  4.0
Armour         | 2 4 |  4.0
Earth Magic    | 1 4 |  4.0
Transmutations | 4 |  4.0
Shields        | 2 7 9 12 13 14 | 14.0
Fire Magic     | 8 15 19 21 22 23 25 26 27 | 27.0

Action                     |  1- 3 |  4- 6 |  7- 9 | 10-12 | 13-15 | 16-18 | 19-21 | 22-24 | 25-27 || total
---------------------------+-------+-------+-------+-------+-------+-------+-------+-------+-------++-------
  Melee: Staff             |       |     6 |    11 |    21 |    51 |    32 |     8 |    10 |     1 ||   140
   Cast: Magic Dart        |    58 |    62 |   120 |    79 |    15 |     4 |       |     1 |       ||   339
         Searing Ray       |     5 |    18 |    73 |    47 |     1 |       |       |       |       ||   144
         Iskenderun's Myst |       |       |     3 |    45 |    55 |    93 |   120 |    77 |    40 ||   433
         Fulminant Prism   |       |       |       |    14 |    78 |    81 |    69 |     3 |       ||   245
         Orb of Destructio |       |       |       |    82 |   326 |   419 |   456 |   360 |   172 ||  1815
         Blink             |       |       |       |     1 |       |     2 |     2 |     2 |     1 ||     8
         Yara's Violent Un |       |       |       |       |     2 |     5 |     8 |     3 |     1 ||    19
         Irradiate         |       |       |       |       |       |     8 |     1 |     2 |       ||    11
         Ignition          |       |       |       |       |       |       |    22 |    32 |     3 ||    57
         Fire Storm        |       |       |       |       |       |       |       |    98 |    72 ||   170
  Evoke: Wand              |       |       |       |       |       |     1 |       |     5 |     5 ||    11
         Tin of tremorston |       |       |       |       |       |     2 |       |       |       ||     2
         Sack of spiders   |       |       |       |       |       |     1 |       |       |       ||     1
    Use: Scroll            |       |       |    12 |     4 |    16 |    10 |    13 |    21 |     9 ||    85
         Potion            |       |       |     1 |       |     3 |     3 |     5 |    23 |    12 ||    47
 Armour: Robe              |     5 |     5 |    62 |    26 |       |       |       |       |       ||    98
         Troll leather arm |       |       |       |    12 |    12 |       |       |       |       ||    24
         Ring mail         |       |       |       |       |   158 |   167 |   132 |   179 |    66 ||   702
  Dodge: Dodged            |     3 |    14 |    45 |    68 |   130 |    89 |    35 |    60 |    22 ||   466
  Block: Buckler           |       |       |       |       |    45 |    35 |    11 |       |       ||    91
         Reflection        |       |       |       |       |       |     1 |       |    11 |     1 ||    13
         Kite shield       |       |       |       |       |       |       |    31 |   107 |    31 ||   169

Table legend: (Time is in decaauts)
 A = Elapsed time spent in this place.
 B = Non-inter-level travel time spent in this place.
 C = Inter-level travel time spent in this place.
 D = Time resting spent in this place.
 E = Time spent auto-exploring this place.
 F = Levels seen in this place.
 G = Mean time per level.
                   A        B        C        D        E       F      G
               +--------+--------+--------+--------+--------+-----+--------+
         Total |  71878 |  64529 |   7349 |  15278 |  30851 |  50 | 1437.6 |
       Dungeon |  19511 |  16960 |   2551 |   2719 |  10404 |  15 | 1300.7 |
        Temple |     22 |      1 |     21 |      0 |      0 |   1 |   22.0 |
          Lair |   6853 |   6089 |    764 |    879 |   3586 |   5 | 1370.6 |
         Swamp |   4216 |   3628 |    588 |    736 |   2004 |   4 | 1054.0 |
     Snake Pit |   5376 |   4921 |    455 |    970 |   2582 |   4 | 1344.0 |
  Orcish Mines |   1916 |   1805 |    111 |    440 |    639 |   2 |  958.0 |
   Elven Halls |   3432 |   3227 |    205 |    647 |   1733 |   3 | 1144.0 |
        Vaults |  10945 |  10117 |    828 |   1693 |   5328 |   5 | 2189.0 |
        Depths |  10362 |   8866 |   1496 |   3178 |   2976 |   4 | 2590.5 |
           Zot |   8950 |   8623 |    327 |   3886 |   1549 |   5 | 1790.0 |
        Bazaar |     71 |     71 |      0 |      0 |     47 |   1 |   71.0 |
       Ossuary |    219 |    219 |      0 |    127 |      0 |   1 |  219.0 |
               +--------+--------+--------+--------+--------+-----+--------+

Top non-repeatable levels by time:
Depths:4: 3114 daAuts
Vaults:3: 3035 daAuts
Depths:2: 2723 daAuts
Depths:3: 2702 daAuts
   Zot:5: 2656 daAuts
Vaults:4: 2450 daAuts
 Snake:3: 2118 daAuts
   Zot:3: 2110 daAuts
Vaults:2: 1944 daAuts
     D:7: 1943 daAuts
Vaults:1: 1858 daAuts
   Zot:4: 1842 daAuts
Depths:1: 1822 daAuts
    D:11: 1723 daAuts
   Elf:3: 1702 daAuts
